[Event "Titled Tuesday Blitz October 11 Late 2022"]
[White "Przybylski, Wojciech"]
[Black "Tanenbaum, Zachary"]
[WhiteFideId "1117599"]
[BlackFideId "2060850"]
[WhiteElo "2221"]
[BlackElo "2175"]
[Result "0-1"]
[Round "05"]
[TimeControl "180+1"]
[Date "2022.10.12"]
[WhiteClock "0:00:05"]
[BlackClock "0:00:22"]

1. e4 e5 2. Nf3 Nc6 3. Bb5 a6 4. Ba4 d6 5. h3 Nf6 6. d3 b5 7. Bb3 Na5 8. O-O Be7 9. Be3 O-O 10. c4 Nxb3 11. axb3 Bb7 12. Nc3 Qd7 13. Nd2 b4 14. Ne2 Nh5 15. f4 exf4 16. Nxf4 Nxf4 17. Rxf4 f5 18. exf5 Bg5 19. g4 Qe7 20. Nf1 Bxf4 21. Bxf4 Qh4 22. d4 Qxh3 23. d5 Rae8 24. Ng3 g5 25. Qf3 gxf4 26. Qxf4 Re7 27. Rf1 Rg7 28. g5 Bc8 29. f6 Rxf6 30. gxf6 Qxg3+ 31. Qxg3 Rxg3+ 32. Kf2 Rxb3 33. Re1 Rxb2+ 34. Kg3 Kf7 35. Re7+ Kxf6 36. Rxc7 Bf5 37. Rc6 Ke5 38. c5 dxc5 39. Rxc5 Rc2 40. Ra5 b3 41. Rxa6 b2 42. Rb6 b1=Q 43. Rxb1 Rc3+ 44. Kh4 Rh3+ 45. Kg5 h6# 0-1


[Site "https://www.chess.com"]

[Event "Titled Tuesday Blitz October 11 Late 2022"]
[White "Quesada Perez, Yuniesky"]
[Black "Tayar, Jonathan"]
[WhiteFideId "3504409"]
[BlackFideId "2606534"]
[WhiteElo "2599"]
[BlackElo "2406"]
[Result "1-0"]
[Round "05"]
[TimeControl "180+1"]
[Date "2022.10.11"]
[WhiteClock "0:00:02"]
[BlackClock "0:00:04"]

1. d4 Nf6 2. c4 g6 3. g3 Bg7 4. Bg2 O-O 5. Nc3 d6 6. Nf3 Nbd7 7. O-O e5 8. Qc2 Re8 9. Rd1 e4 10. Ng5 e3 11. f3 Qe7 12. Rd3 Ng4 13. Nge4 f5 14. Nd5 Qd8 15. Nec3 c6 16. fxg4 cxd5 17. Nxd5 Nf6 18. Rxe3 Nxg4 19. Rxe8+ Qxe8 20. Qd3 Qf7 21. Bd2 Bd7 22. Rf1 Bc6 23. e4 Bxd5 24. cxd5 fxe4 25. Qxe4 Nf6 26. Qd3 Qc7 27. Bh3 Qb6 28. Be6+ Kh8 29. b3 Re8 30. Bg5 Ng8 31. Kg2 Rf8 32. Rxf8 Bxf8 33. Qe4 Qc7 34. Bxg8 Kxg8 35. Qe6+ Qf7 36. Bf6 Bh6 37. g4 Bd2 38. g5 h6 39. gxh6 Bxh6 40. Kg3 Bf8 41. Kg4 Bh6 42. h3 Bd2 43. a4 Kf8 44. Qxd6+ Kg8 45. Qe6 Kf8 46. Qc8+ Qe8 47. Bg7+ Kf7 48. Qxb7+ Kg8 49. Be5 Qf8 50. Qd7 Qh6 51. Qe8+ Kh7 52. Qh8# 1-0


[Site "https://www.chess.com"]

[Event "Titled Tuesday Blitz October 11 Late 2022"]
[White "Roberson, Peter T"]
[Black "Ernst, Sipke"]
[WhiteFideId "412384"]
[BlackFideId "1004689"]
[WhiteElo "2346"]
[BlackElo "2438"]
[Result "1-0"]
[Round "05"]
[TimeControl "180+1"]
[Date "2022.10.12"]
[WhiteClock "0:00:07"]
[BlackClock "0:00:16"]

1. d4 Nf6 2. c4 g6 3. Nf3 Bg7 4. g3 O-O 5. Bg2 c5 6. d5 e6 7. Nc3 exd5 8. cxd5 d6 9. O-O Re8 10. Nd2 a6 11. a4 Nbd7 12. h3 b6 13. Nc4 Ne5 14. Na3 b5 15. axb5 axb5 16. Ncxb5 Ba6 17. Nc3 Nh5 18. Kh2 f5 19. f4 Nf7 20. Re1 Re7 21. Bd2 Qe8 22. e4 Bd4 23. Be3 Bxc3 24. bxc3 Nf6 25. e5 Nh5 26. e6 Nh6 27. c4 Nf6 28. Qc2 Rea7 29. Qc3 Qe7 30. Nc2 Bc8 31. Rxa7 Rxa7 32. Bc1 Ra2 33. Bb2 Kg7 34. Ra1 Rxa1 35. Nxa1 Ng8 36. Nb3 Qa7 37. Na5 Kf8 38. g4 fxg4 39. hxg4 Nxg4+ 40. Kg3 N4f6 41. Nc6 Qa4 42. Bf3 Ke8 43. f5 Ba6 44. fxg6 h6 45. Qa5 Qxa5 46. Nxa5 Kf8 47. Be2 Ne4+ 48. Kf4 Nd2 49. Ke3 Nb1 50. Bd3 h5 51. Bxb1 Ne7 52. g7+ Kg8 53. Kf4 Bxc4 54. Nxc4 Nxd5+ 55. Kg5 h4 56. Kxh4 Nf4 57. e7 Ng6+ 58. Kg5 Nxe7 59. Kh6 d5 60. Bh7+ Kf7 61. Nd6+ Ke6 62. Nc8 Nxc8 63. g8=Q+ Kd7 64. Bf5+ Kd6 65. Qxc8 d4 66. Qd7+ Ke5 67. Qe6+ Kf4 68. Qe4+ Kg3 69. Bc1 Kf2 70. Bg4 c4 71. Qf3+ Ke1 72. Qe2# 1-0


[Site "https://www.chess.com"]

[Event "Titled Tuesday Blitz October 11 Late 2022"]
[White "Rodrigue-Lemieux, Shawn"]
[Black "Gardezi, Arsal"]
[WhiteFideId "2620049"]
[BlackFideId "30949521"]
[WhiteElo "2382"]
[BlackElo "1906"]
[Result "1-0"]
[Round "05"]
[TimeControl "180+1"]
[Date "2022.10.12"]
[WhiteClock "0:01:56"]
[BlackClock "0:00:59"]

1. d4 d5 2. Nf3 Nf6 3. Bf4 Bf5 4. e3 Nc6 5. Bd3 Bg6 6. O-O e6 7. c4 Bd6 8. Bxd6 Qxd6 9. Nc3 O-O 10. Rc1 a6 11. a3 dxc4 12. Bxc4 e5 13. dxe5 Nxe5 14. Qxd6 cxd6 15. Nd5 Nxc4 16. Nxf6+ gxf6 17. Rxc4 h5 18. Rd4 Rac8 19. Rxd6 Rc2 20. Rb6 Be4 21. Nd4 Rd2 22. f3 Bd5 23. h4 Re8 24. Nf5 Kh7 25. Rf2 Rd1+ 26. Kh2 Kg6 27. e4 Bc6 28. Rc2 Rb1 29. Kg3 Rd8 30. Ne7+ Kg7 31. Nxc6 bxc6 32. Rcxc6 a5 33. Rxf6 Rd2 34. Rf5 Rg1 35. Rg5+ Kf8 36. Kh2 Rb1 37. Rxa5 Ke7 38. Rxh5 1-0


[Site "https://www.chess.com"]

[Event "Titled Tuesday Blitz October 11 Late 2022"]
[White "Rodriguez Santiago, Jaime"]
[Black "Sowul, Bartosz"]
[WhiteFideId "3100898"]
[BlackFideId "1137590"]
[WhiteElo "2025"]
[BlackElo "2188"]
[Result "0-1"]
[Round "05"]
[TimeControl "180+1"]
[Date "2022.10.12"]
[WhiteClock "0:00:23"]
[BlackClock "0:00:17"]

1. Nf3 c5 2. c4 Nc6 3. g3 g6 4. Bg2 Bg7 5. O-O e5 6. e3 Nge7 7. Nc3 O-O 8. b3 d6 9. Bb2 h6 10. h3 Be6 11. d3 Qd7 12. Kh2 d5 13. cxd5 Nxd5 14. Nxd5 Bxd5 15. Rc1 b6 16. Qe2 Rad8 17. Rfd1 Qb7 18. Ne1 Bxg2 19. Nxg2 Rfe8 20. Qf3 Na5 21. Qxb7 Nxb7 22. d4 exd4 23. exd4 Re2 24. Ba1 cxd4 25. Kg1 Nc5 26. b4 Ne4 27. Nf4 Rxa2 28. Rc7 Nxf2 29. Rf1 Ne4 30. Nd3 Rf8 31. g4 Nc3 32. Re7 Rd2 33. Nf2 a5 34. bxa5 bxa5 35. Rc7 a4 36. Bxc3 dxc3 37. Ne4 Rd3 38. Ra7 Bd4+ 39. Kg2 Bxa7 40. Ra1 Rd4 41. Nf6+ Kg7 42. g5 hxg5 43. Ng4 c2 44. Rc1 Rd2+ 45. Kg3 Rb8 46. Kf3 Rb1 47. Rxc2 Rxc2 0-1


[Site "https://www.chess.com"]

[Event "Titled Tuesday Blitz October 11 Late 2022"]
[White "Rose, Felix"]
[Black "Owen, Michael"]
[WhiteFideId "5105722"]
[BlackFideId "7104820"]
[WhiteElo "2039"]
[BlackElo "1943"]
[Result "1-0"]
[Round "05"]
[TimeControl "180+1"]
[Date "2022.10.12"]
[WhiteClock "0:01:02"]
[BlackClock "0:00:01"]

1. e4 c5 2. Nf3 d6 3. d4 cxd4 4. Nxd4 Nf6 5. Nc3 a6 6. Be3 e5 7. Nb3 Be6 8. f3 Be7 9. Qd2 O-O 10. O-O-O Nbd7 11. g4 b5 12. g5 b4 13. gxf6 bxc3 14. Qxc3 Nxf6 15. Na5 Qd7 16. Nc6 Rfc8 17. Nxe7+ Qxe7 18. Qa5 d5 19. exd5 Nxd5 20. Rxd5 Bxd5 21. Qxd5 Rd8 22. Qe4 g6 23. Bd3 f5 24. Qc4+ Kg7 25. h4 Rac8 26. Qb3 a5 27. Bg5 a4 28. Bxe7 axb3 29. Bxd8 bxa2 30. Kd2 Rxd8 31. Ke3 Ra8 32. Ra1 Ra4 33. c3 Kf6 34. Bc2 Ra7 35. b4 Ra3 36. Kd2 h6 37. b5 Ke6 38. Bd3 Kd5 39. Kc2 e4 40. fxe4+ fxe4 41. Kb2 Ra7 42. Be2 Rf7 43. Rxa2 Rf2 44. Kb3 Kc5 45. Rd2 e3 46. Ra2 g5 47. hxg5 hxg5 48. c4 Rg2 49. Bh5 Rg3 50. Re2 g4 51. Kc3 Rg1 52. Kd3 Rc1 53. Bf7 g3 54. Kxe3 Rc3+ 55. Kf4 1-0


[Site "https://www.chess.com"]

[Event "Titled Tuesday Blitz October 11 Late 2022"]
[White "Rosen, Eric"]
[Black "Gajewski, Grzegorz"]
[WhiteFideId "2032562"]
[BlackFideId "1116207"]
[WhiteElo "2362"]
[BlackElo "2547"]
[Result "0-1"]
[Round "05"]
[TimeControl "180+1"]
[Date "2022.10.11"]
[WhiteClock "0:00:01"]
[BlackClock "0:01:18"]

1. d4 Nf6 2. Bf4 g6 3. Nc3 d5 4. e3 Bg7 5. h4 h5 6. Nf3 O-O 7. Ne5 c5 8. dxc5 Nc6 9. Bb5 Nxe5 10. Bxe5 Bf5 11. O-O e6 12. Bd3 Ng4 13. Bg3 Bf6 14. Bxf5 gxf5 15. Qe1 Kh7 16. f3 Nxe3 17. Qxe3 d4 18. Qd3 dxc3 19. bxc3 Rg8 20. Bd6 Bxh4 21. Rab1 Qg5 22. Qe2 Rg7 23. Rxb7 Rag8 24. Kh1 Bg3 25. Bxg3 Qxg3 26. Qf2 Qf4 27. c6 h4 28. c7 Rxg2 29. Qxg2 Rxg2 30. Kxg2 Qg3+ 31. Kh1 h3 32. Rf2 Qxf2 33. c8=Q Qg2# 0-1


[Site "https://www.chess.com"]

[Event "Titled Tuesday Blitz October 11 Late 2022"]
[White "Rosenberg, Evan S"]
[Black "Machidon, Cristi"]
[WhiteFideId "2019299"]
[BlackFideId "13904590"]
[WhiteElo "2346"]
[BlackElo "2312"]
[Result "0-1"]
[Round "05"]
[TimeControl "180+1"]
[Date "2022.10.12"]
[WhiteClock "0:00:12"]
[BlackClock "0:01:33"]

1. d4 Nf6 2. Nf3 e6 3. c4 Bb4+ 4. Nc3 O-O 5. g3 c5 6. Bg2 d5 7. O-O dxc4 8. Bg5 Nc6 9. e3 cxd4 10. exd4 h6 11. Bxf6 Qxf6 12. d5 Bxc3 13. bxc3 exd5 14. Qxd5 Be6 15. Qb5 Rab8 16. Rac1 Rfd8 17. Rfe1 Rd3 18. Ne5 Rd2 19. f4 Nxe5 20. Rxe5 Rbd8 21. Qxb7 Rxa2 22. Be4 g6 23. Rc2 Rd1+ 24. Kg2 Rxc2+ 25. Bxc2 Rd2+ 26. Kg1 Rxc2 27. Qxa7 Qd8 28. Re1 Qd2 29. Qb8+ Kh7 0-1


[Site "https://www.chess.com"]

[Event "Titled Tuesday Blitz October 11 Late 2022"]
[White "Salman, Pavel"]
[Black "Gonzalez, Francisco Silva"]
[WhiteFideId "24153753"]
[BlackFideId "1512285"]
[WhiteElo "2187"]
[BlackElo "2159"]
[Result "0-1"]
[Round "05"]
[TimeControl "180+1"]
[Date "2022.10.12"]
[WhiteClock "0:00:02"]
[BlackClock "0:00:44"]

1. Nf3 d5 2. g3 f6 3. Bg2 e5 4. d3 c6 5. O-O Bd6 6. Nbd2 Ne7 7. e4 O-O 8. a4 a5 9. Re1 Bg4 10. h3 Bh5 11. g4 Bf7 12. Nh4 g6 13. Nf1 Na6 14. g5 f5 15. exf5 Nxf5 16. Nxf5 gxf5 17. Ng3 f4 18. Nf5 Bc7 19. Nh6+ Kg7 20. Nxf7 Rxf7 21. Qh5 Qd6 22. h4 Nb4 23. Re2 Qg6 24. Bf3 Re8 25. Ra3 e4 26. dxe4 dxe4 27. Qxg6+ hxg6 28. Rxe4 Rfe7 29. Rxe7+ Rxe7 30. Bd2 Nxc2 31. Rb3 Nd4 32. Bc3 Be5 33. Bxd4 Bxd4 34. Kg2 Bc5 35. h5 gxh5 36. Bxh5 Bb4 37. Rf3 Re5 38. Rxf4 Rxg5+ 39. Rg4 Kf6 40. Rxg5 Kxg5 41. Bd1 Kf5 42. Kf3 Ke5 43. Ke3 Bc5+ 44. Ke2 Bd4 45. b3 Kd5 46. f3 Kc5 47. Kd3 Bg7 48. f4 b5 49. f5 Kb4 50. Kc2 bxa4 51. bxa4 Kxa4 52. Bf3 Kb5 53. Kb3 a4+ 54. Ka2 c5 55. Ka3 Bf8 56. f6 c4+ 57. Ka2 Kb4 58. f7 Kc3 59. Bc6 a3 60. Bb5 Kb4 61. Bd7 Kc3 62. Be6 Kd3 63. Bf5+ Kd2 0-1


[Site "https://www.chess.com"]

[Event "Titled Tuesday Blitz October 11 Late 2022"]
[White "Sargsyan, Anna M."]
[Black "Melikhov, Evgeny V."]
[WhiteFideId "13308130"]
[BlackFideId "4122046"]
[WhiteElo "2284"]
[BlackElo "2169"]
[Result "1-0"]
[Round "05"]
[TimeControl "180+1"]
[Date "2022.10.12"]
[WhiteClock "0:01:08"]
[BlackClock "0:00:05"]

1. d4 Nf6 2. c4 e6 3. Nf3 d5 4. Nc3 Bb4 5. Bf4 O-O 6. e3 c5 7. dxc5 Ne4 8. Rc1 Qa5 9. Qb3 Bxc3+ 10. bxc3 Qxc5 11. cxd5 exd5 12. Bd3 Nc6 13. O-O Bg4 14. Bxe4 dxe4 15. Nd4 b6 16. h3 Bh5 17. Qa4 Na5 18. Nb3 Qc4 19. Qa3 Nxb3 20. axb3 Qc6 21. c4 Be2 22. Rfe1 Bd3 23. c5 bxc5 24. Rxc5 Qb6 25. Rec1 h6 26. Rc6 Qd8 27. Rc7 a6 28. Qc5 Qf6 29. Rc6 Qb2 30. Be5 Qxb3 31. Bxg7 Kxg7 32. Qe5+ f6 33. Qg3+ Kh7 34. Rc7+ Rf7 35. Rxf7+ Qxf7 36. Rc7 Qxc7 37. Qxc7+ Kg6 38. g4 a5 39. h4 h5 40. gxh5+ Kxh5 41. Qh7+ Kg4 42. Kg2 Ra6 43. h5 a4 44. Qg6+ Kh4 45. h6 a3 46. h7 Ra8 47. Qxf6+ Kg4 48. h8=Q Rxh8 49. Qxh8 1-0


[Site "https://www.chess.com"]

[Event "Titled Tuesday Blitz October 11 Late 2022"]
[White "Schrik, Rachid"]
[Black "Tarnowska, Aleksandra"]
[WhiteFideId "1009818"]
[BlackFideId "1180967"]
[WhiteElo "2098"]
[BlackElo "1776"]
[Result "1-0"]
[Round "05"]
[TimeControl "180+1"]
[Date "2022.10.12"]
[WhiteClock "0:01:31"]
[BlackClock "0:00:51"]

1. d4 d5 2. c4 e6 3. Nc3 Nf6 4. cxd5 exd5 5. Bg5 Be7 6. Qc2 O-O 7. e3 h6 8. h4 Nc6 9. a3 Re8 10. O-O-O Ne4 11. Bxe7 Nxe7 12. Nxe4 dxe4 13. Ne2 Nd5 14. Ng3 Qe7 15. Bc4 Nb6 16. Ba2 Be6 17. d5 Bg4 18. Rd4 f5 19. d6+ 1-0


[Site "https://www.chess.com"]

[Event "Titled Tuesday Blitz October 11 Late 2022"]
[White "Shaik Sumer Arsh"]
[Black "Stanisz, Patryk"]
[WhiteFideId "45020000"]
[BlackFideId "1123106"]
[WhiteElo "2190"]
[BlackElo "2069"]
[Result "1-0"]
[Round "05"]
[TimeControl "180+1"]
[Date "2022.10.12"]
[WhiteClock "0:00:08"]
[BlackClock "0:00:02"]

1. e4 c5 2. d3 Nc6 3. f4 g6 4. c3 Bg7 5. Be3 d6 6. Nf3 Nf6 7. Be2 O-O 8. O-O Ng4 9. Bc1 Rb8 10. h3 Nf6 11. Be3 b5 12. Nbd2 b4 13. Bf2 a5 14. g4 bxc3 15. bxc3 e6 16. Rc1 Rb2 17. Rc2 Qb6 18. Qc1 Rxc2 19. Qxc2 Ba6 20. Rb1 Qc7 21. Qa4 Nd7 22. Nc4 Bxc3 23. a3 Rb8 24. Rc1 Bg7 25. Ncd2 Rb2 26. Rc2 Bb5 27. Rxb2 Bxa4 28. Rb1 Nb6 29. e5 dxe5 30. Bxc5 Nd5 31. Ne4 exf4 32. Bd6 Qa7+ 33. Bc5 Qd7 34. Nd6 Nc3 35. Rb7 Nxe2+ 36. Kf2 Qd8 37. Kxe2 Nd4+ 38. Nxd4 Bxd4 39. Nxf7 f3+ 40. Kf1 Qf6 41. Nh6+ Kh8 42. g5 Qf4 43. Rb8+ Kg7 44. Rg8# 1-0


[Site "https://www.chess.com"]

[Event "Titled Tuesday Blitz October 11 Late 2022"]
[White "Shapiro, Daniel"]
[Black "Bilan, Danila"]
[WhiteFideId "2001780"]
[BlackFideId "24161918"]
[WhiteElo "2227"]
[BlackElo "2203"]
[Result "0-1"]
[Round "05"]
[TimeControl "180+1"]
[Date "2022.10.12"]
[WhiteClock "0:00:52"]
[BlackClock "0:00:14"]

1. d4 d5 2. c4 c6 3. Nf3 Nf6 4. Qb3 g6 5. Bg5 Bg7 6. e3 Ne4 7. h4 Nxg5 8. hxg5 dxc4 9. Bxc4 O-O 10. Nc3 Nd7 11. O-O-O Nb6 12. Bxf7+ Rxf7 13. Rxh7 Nd5 14. Rdh1 Bg4 15. Ne5 Bxe5 16. Rxf7 Kxf7 17. dxe5 Kg7 18. Ne4 Qc7 19. f4 Qb6 20. Re1 Qxb3 21. axb3 Rh8 22. Nf2 Be6 23. g3 Rh2 24. Nd3 a5 25. Nc5 Bc8 26. e4 Nb4 27. Kb1 b6 28. Na4 b5 29. Nc5 Bg4 30. Re3 Rh1+ 0-1


[Site "https://www.chess.com"]

[Event "Titled Tuesday Blitz October 11 Late 2022"]
[White "Shuqja, Klean"]
[Black "Gasparyan, David"]
[WhiteFideId "4701585"]
[BlackFideId "13311980"]
[WhiteElo "1893"]
[BlackElo "2348"]
[Result "0-1"]
[Round "05"]
[TimeControl "180+1"]
[Date "2022.10.12"]
[WhiteClock "0:00:03"]
[BlackClock "0:00:15"]

1. e4 c5 2. Nf3 e6 3. b3 Nf6 4. e5 Nd5 5. c4 Nc7 6. d4 cxd4 7. Qxd4 Nc6 8. Qd1 Na6 9. Be2 Nxe5 10. Nxe5 Qa5+ 11. Bd2 Qxe5 12. Bc3 Qg5 13. O-O Be7 14. Nd2 O-O 15. Nf3 Qh6 16. Bd2 Qf6 17. Bg5 Qxg5 18. Nxg5 Bxg5 19. Qd6 Re8 20. c5 Be7 21. Qg3 Nxc5 22. Rac1 d5 23. Bb5 Rd8 24. Qc7 Nd7 25. Bxd7 Bxd7 26. Qxb7 Bd6 27. Qa6 Be5 28. Qe2 Bf4 29. Rc3 d4 30. Rc4 Bb5 31. Rfc1 Bxc1 32. Qc2 Bxc4 33. bxc4 Bg5 34. Qd3 Rab8 35. g3 e5 36. h4 Bf6 37. Qe4 d3 38. c5 d2 39. c6 d1=Q+ 0-1


[Site "https://www.chess.com"]

[Event "Titled Tuesday Blitz October 11 Late 2022"]
[White "Sibilio, Mario"]
[Black "Kavutskiy, Konstantin"]
[WhiteFideId "800422"]
[BlackFideId "2026384"]
[WhiteElo "2296"]
[BlackElo "2338"]
[Result "1-0"]
[Round "05"]
[TimeControl "180+1"]
[Date "2022.10.12"]
[WhiteClock "0:01:34"]
[BlackClock "0:02:18"]

1. e4 Nc6 2. d4 d6 3. d5 Nb8 4. f4 Nf6 5. Nc3 g6 6. e5 dxe5 7. fxe5 Ng4 8. Bf4 Bg7 9. Qe2 h5 10. h3 Nh6 11. Nf3 O-O 12. Qd2 Kh7 13. g4 c6 14. gxh5 cxd5 15. Nxd5 Be6 16. O-O-O Nc6 17. hxg6+ fxg6 18. Ng5+ 1-0


[Site "https://www.chess.com"]

[Event "Titled Tuesday Blitz October 11 Late 2022"]
[White "Sjugirov, Sanan"]
[Black "Matinian, Nikita"]
[WhiteFideId "4189302"]
[BlackFideId "24129100"]
[WhiteElo "2609"]
[BlackElo "2422"]
[Result "1-0"]
[Round "05"]
[TimeControl "180+1"]
[Date "2022.10.11"]
[WhiteClock "0:00:06"]
[BlackClock "0:00:01"]

1. e4 e5 2. Nf3 Nc6 3. Bb5 a6 4. Ba4 Nf6 5. O-O Be7 6. d3 d6 7. c4 Nd7 8. Nc3 Nc5 9. Bxc6+ bxc6 10. d4 exd4 11. Nxd4 Bd7 12. Be3 O-O 13. Qc2 a5 14. Rad1 Qb8 15. Nf5 Bxf5 16. exf5 Qb4 17. b3 Bf6 18. Bd2 Qb7 19. Rb1 Rfe8 20. a3 a4 21. b4 Nb3 22. Be3 Bxc3 23. Qxc3 f6 24. Rfe1 Re7 25. c5 d5 26. Bf4 Rae8 27. Rxe7 Rxe7 28. Re1 Rxe1+ 29. Qxe1 Qc8 30. Qe7 Nd4 31. g4 h6 32. Kg2 Nb5 33. Bc1 d4 34. h4 h5 35. f3 hxg4 36. fxg4 Qf8 37. Qe6+ Qf7 38. Qxc6 Qa2+ 39. Kf3 Qb3+ 40. Kf4 Nc3 41. Qe8+ Kh7 42. g5 fxg5+ 43. hxg5 Nd5+ 44. Kg4 Ne3+ 45. Bxe3 Qd1+ 46. Kf4 Qf1+ 47. Ke5 dxe3 48. Qh5+ Kg8 49. Qe8+ Kh7 50. g6+ Kh6 51. Qh8+ Kg5 52. Qd8+ Kg4 53. Qd4+ Kg3 54. Qxe3+ Kg4 55. Qe4+ Kg5 56. Qe3+ Kg4 57. Qe4+ Kg5 58. Ke6 Qb5 59. Qe3+ Kg4 60. Qd4+ Kg5 61. Qxg7 Qc6+ 62. Ke7 Kxf5 63. Qf7+ Ke5 64. g7 Qb7 65. Qh5+ Kd4 66. Qg4+ Kc3 67. Qg3+ Kb2 68. c6 Qxc6 69. g8=Q Qe4+ 70. Qe6 Qh7+ 71. Kd8 Qh8+ 72. Kxc7 Qh7+ 73. Kd6 Qd3+ 74. Qxd3 1-0


[Site "https://www.chess.com"]

[Event "Titled Tuesday Blitz October 11 Late 2022"]
[White "Skatchkov, Valery"]
[Black "Yanchenko, Roman"]
[WhiteFideId "24195812"]
[BlackFideId "4137329"]
[WhiteElo "2199"]
[BlackElo "2514"]
[Result "1-0"]
[Round "05"]
[TimeControl "180+1"]
[Date "2022.10.11"]
[WhiteClock "0:00:21"]
[BlackClock "0:00:02"]

1. d4 d5 2. c4 c6 3. cxd5 cxd5 4. Bg5 Nc6 5. Nc3 Nf6 6. Bxf6 gxf6 7. e3 e6 8. Nf3 Bd7 9. Bd3 Qb6 10. O-O f5 11. a3 Bd6 12. b4 O-O 13. g3 Rfc8 14. Rc1 Qd8 15. Qe2 a5 16. b5 Ne7 17. a4 Ng6 18. Qb2 b6 19. Ne2 Be8 20. h4 Nf8 21. Nf4 Nd7 22. Rc6 Nf6 23. Rcc1 Ne4 24. Nd2 Bb4 25. Nxe4 fxe4 26. Be2 Qd6 27. Bh5 Ba3 28. Rxc8 Rxc8 29. Qe2 Kf8 30. Qg4 Qe7 31. Nxd5 Qd8 32. Nf4 Rc4 33. Nh3 Qd5 34. f3 exf3 35. Rxf3 f5 36. Qg5 Rc1+ 37. Kh2 Rc2+ 38. Nf2 Bxh5 39. Qxh5 Qa2 40. Kg2 Qb1 41. e4 Rc1 42. exf5 Rg1+ 43. Kh2 Qf1 44. fxe6+ Ke7 45. Qf7+ Kd6 46. Qd7# 1-0


[Site "https://www.chess.com"]

[Event "Titled Tuesday Blitz October 11 Late 2022"]
[White "Sohal, Tanraj"]
[Black "Grinev, Valeriy"]
[WhiteFideId "2608499"]
[BlackFideId "14117517"]
[WhiteElo "2200"]
[BlackElo "2365"]
[Result "0-1"]
[Round "05"]
[TimeControl "180+1"]
[Date "2022.10.12"]
[WhiteClock "0:00:07"]
[BlackClock "0:00:59"]

1. d4 Nf6 2. f3 d5 3. c4 e6 4. Nc3 c5 5. e3 Nc6 6. cxd5 exd5 7. Bb5 Bd6 8. Nge2 O-O 9. O-O Ne7 10. dxc5 Bxc5 11. Nd4 Nf5 12. Kh1 Qb6 13. Nxf5 Bxf5 14. Bd3 Qe6 15. b3 Rfe8 16. Bb2 Bxd3 17. Qxd3 Qxe3 18. Qb5 Bd4 19. Nxd5 Nxd5 20. Bxd4 Qxd4 21. Rad1 Qxd1 22. Rxd1 Nc3 23. Qd3 Nxd1 24. Qxd1 Rad8 25. Qc1 Re2 26. h3 h5 27. Qc7 Rd1+ 28. Kh2 Rdd2 29. Qc8+ Kh7 30. Qf5+ Kh6 31. Qf4+ Kg6 32. Qg3+ Kf5 33. Qxg7 Rxg2+ 34. Qxg2 Rxg2+ 35. Kxg2 h4 36. Kg1 Kf4 37. Kf2 b6 38. b4 b5 39. a3 a6 40. Kg2 Ke3 41. f4 Kxf4 42. Kf2 f5 43. Kg2 Ke3 44. Kg1 Ke2 45. Kg2 f4 46. Kh2 f3 47. Kh1 f2 48. Kh2 Ke1 0-1


[Site "https://www.chess.com"]

[Event "Titled Tuesday Blitz October 11 Late 2022"]
[White "Sourath Biswas"]
[Black "Sanchez, Robert"]
[WhiteFideId "35091484"]
[BlackFideId "2034360"]
[WhiteElo "2164"]
[BlackElo "2434"]
[Result "1-0"]
[Round "05"]
[TimeControl "180+1"]
[Date "2022.10.12"]
[WhiteClock "0:01:50"]
[BlackClock "0:01:36"]

1. d4 Nf6 2. Bf4 d6 3. Nc3 g6 4. e4 Bg7 5. Qd2 h5 6. e5 dxe5 7. dxe5 Qxd2+ 8. Bxd2 Ng4 9. h3 Nxe5 10. Nd5 Kd8 11. O-O-O c6 12. Ba5+ 1-0


[Site "https://www.chess.com"]

[Event "Titled Tuesday Blitz October 11 Late 2022"]
[White "Storey, Charles H"]
[Black "Bongo Akanga Ndjila, Barthelemy"]
[WhiteFideId "406686"]
[BlackFideId "10609431"]
[WhiteElo "2252"]
[BlackElo "1768"]
[Result "1-0"]
[Round "05"]
[TimeControl "180+1"]
[Date "2022.10.12"]
[WhiteClock "0:00:15"]
[BlackClock "0:00:01"]

1. d4 d5 2. Nf3 Nf6 3. Nc3 e6 4. Bf4 Bd6 5. e3 O-O 6. Bd3 c5 7. Bxd6 Qxd6 8. dxc5 Qxc5 9. O-O Nc6 10. Nd4 e5 11. Nxc6 bxc6 12. e4 Qb6 13. Na4 Qb4 14. c3 Qb8 15. Qc2 a5 16. a3 Ba6 17. Bxa6 Rxa6 18. Nc5 Ra7 19. b4 axb4 20. axb4 Rxa1 21. Rxa1 Qc8 22. h3 h6 23. Ra7 Rd8 24. Qa2 Rf8 25. f3 Qd8 26. Nb7 Qb8 27. Nc5 Qd8 28. Ra6 d4 29. c4 d3 30. Qd2 Qd4+ 31. Kh2 Qxc4 32. Rxc6 Nh5 33. Rd6 Nf4 34. Nxd3 Nxd3 35. Rxd3 Rb8 36. Rd8+ Rxd8 37. Qxd8+ Kh7 38. Qd5 Qxb4 39. Qxf7 Qb2 40. Qf5+ Kg8 41. h4 Qd4 42. h5 Qc3 43. Qe6+ Kh7 44. Qf7 Qd4 45. Qd5 Qb2 46. Qd6 Qc3 47. Kh3 Qa1 48. Kg4 Qb2 49. Qg6+ 1-0


[Site "https://www.chess.com"]

[Event "Titled Tuesday Blitz October 11 Late 2022"]
[White "Suder, Jakub"]
[Black "Boros, Denes"]
[WhiteFideId "1195310"]
[BlackFideId "722340"]
[WhiteElo "2174"]
[BlackElo "2464"]
[Result "1/2-1/2"]
[Round "05"]
[TimeControl "180+1"]
[Date "2022.10.11"]
[WhiteClock "0:00:07"]
[BlackClock "0:00:18"]

1. d4 Nc6 2. d5 Nb8 3. e4 c6 4. c4 g6 5. Nc3 Bg7 6. Bd3 d6 7. Nge2 Na6 8. O-O Nf6 9. Kh1 O-O 10. f3 Nc5 11. Bc2 a5 12. Be3 e5 13. dxc6 bxc6 14. Bxc5 dxc5 15. Qxd8 Rxd8 16. Rfd1 Ba6 17. b3 Bf8 18. Rxd8 Rxd8 19. Rd1 Rxd1+ 20. Bxd1 Nh5 21. g3 Ng7 22. Nc1 Ne6 23. Nd3 Bd6 24. Kg2 f5 25. Nf2 Bc8 26. Bc2 Nd4 27. Bb1 h5 28. Na4 Kf7 29. Nd3 Ne6 30. Nb6 Ba6 31. Nd7 fxe4 32. fxe4 a4 33. N7xe5+ Kg7 34. bxa4 Bxe5 35. Nxe5 Kf6 36. Nxc6 Bxc4 37. e5+ Kf7 38. Kf2 Nf8 39. Be4 Ke6 40. Ke3 g5 41. h4 gxh4 42. gxh4 Bxa2 43. a5 Bc4 44. Kf4 Nd7 45. Bf3 Bb5 46. Na7 Ba6 47. Bxh5 Nxe5 48. Bf3 c4 49. Be4 c3 50. Ke3 Nc4+ 51. Kd4 Nxa5 52. Kxc3 Kf6 53. Nc6 Nb7 54. Nd4 Nc5 55. Bd3 Nxd3 56. Kd2 Ke5 57. Ke3 Nb4 58. Nf3+ Kf5 59. Kf2 Kf4 60. h5 Bd3 61. h6 Bh7 62. Kg2 Nd3 63. Ng1 Kg4 64. Ne2 Ne5 65. Kf2 Kf5 66. Ke3 Ng4+ 67. Kd4 Nxh6 68. Ng3+ Kf4 69. Ne2+ Kg4 70. Nc3 Nf5+ 71. Ke5 Ng3 72. Nd5 Nh5 73. Ne3+ Kg5 74. Nd5 Bg6 75. Ne7 Bf7 76. Nd5 Ng3 77. Ne7 Bg8 78. Nxg8 1/2-1/2


[Site "https://www.chess.com"]

[Event "Titled Tuesday Blitz October 11 Late 2022"]
[White "Suleymanli, Aydin"]
[Black "Barria Zuniga, Daniel"]
[WhiteFideId "13413937"]
[BlackFideId "3400816"]
[WhiteElo "2481"]
[BlackElo "2414"]
[Result "1-0"]
[Round "05"]
[TimeControl "180+1"]
[Date "2022.10.11"]
[WhiteClock "0:00:05"]
[BlackClock "0:00:03"]

1. e4 c5 2. Nf3 Nc6 3. Bc4 e6 4. O-O a6 5. d4 cxd4 6. Nxd4 Qc7 7. Bb3 Nf6 8. Nc3 Be7 9. Be3 O-O 10. Kh1 b5 11. a3 Na5 12. Ba2 Bb7 13. f3 Nc4 14. Bxc4 Qxc4 15. Nb3 Qc7 16. Bd4 Rfd8 17. e5 Ne8 18. Qe1 d6 19. Qe3 Rd7 20. Rad1 g6 21. exd6 Bxd6 22. Nc5 Bxc5 23. Bxc5 Rad8 24. Rde1 Qb8 25. Bb6 Rc8 26. Bd4 Ng7 27. Be5 Qa8 28. Qg5 Ne8 29. Re2 Rc4 30. Qh6 f6 31. Bg3 e5 32. Qe3 Qc8 33. Qf2 Ng7 34. h3 Nf5 35. Bh2 h5 36. Rd2 g5 37. Rxd7 Qxd7 38. Ne4 Kf7 39. c3 Kg6 40. g4 Nh4 41. Nc5 Qc6 42. Nxb7 Qxb7 43. Bg3 hxg4 44. Bxh4 gxh4 45. hxg4 Rxg4 46. Kh2 Rg3 47. Rg1 Rxg1 48. Qxg1+ Kf7 49. Qg4 Qd5 50. Kh3 Qd3 51. Qh5+ Ke6 52. Kxh4 Qf5 53. Qe8+ Kd5 54. Qb8 Qf4+ 55. Kh5 Qxf3+ 56. Kg6 e4 57. Qb7+ Kc4 58. Qf7+ Kd3 59. Qd5+ Kc2 60. c4 bxc4 61. Qxc4+ Kxb2 62. Qxa6 1-0


[Site "https://www.chess.com"]